Map: Línea Aguablanca EE

Players

MrFercho - Winner!

  • Race: Zerg Zerg
  • League: Silver
  • Spawn Location: 6:00

tigro - Winner!

  • Race: Terran Terran
  • League: Bronze
  • Spawn Location: 7:00

TATORREA - Winner!

  • Race: Protoss Protoss
  • League: Gold
  • Spawn Location: 7:00

ENFER

  • Race: Terran Terran
  • League: Silver
  • Spawn Location: 1:00

Peter

  • Race: Terran Terran
  • League: Silver
  • Spawn Location: 12:00

Allanga

  • Race: Protoss Protoss
  • League: Bronze
  • Spawn Location: 1:00

VOD

Have the link to the VOD?

Description

Time

  • Played on: July 18, 2020, 8:40 p.m.
  • Length: 15:30
Show
View Real Time Build Order
Export as new Build Order

MrFercho Zerg - Winner!

Build Orders: Hatch First, Lurkers 

Get SALT Encoding   

  12  0:01  Drone  
  13  0:14  Overlord  
  13  0:18  Drone  
  14  0:33  Drone x2  
  16  0:56  Drone  
  17  0:57  Hatchery, Drone  
  17  1:00  Drone  
  18  1:09  Extractor  
  17  1:20  Spawning Pool, Drone  
  17  1:24  Drone  
  18  1:30  Drone  
  19  1:43  Overlord  
  19  1:51  Drone  
  20  2:09  Drone  
  20  2:14  Queen x2  
  20  2:15  Overlord  
  25  2:17  Metabolic Boost  
  25  2:25  Drone x3  
  28  2:36  Zergling x4  
  30  2:45  Drone  
  31  2:56  Drone x3  
  34  3:05  Baneling Nest, Drone  
  34  3:25  Lair, Drone x2  
  34  3:26  Drone x2  
  38  3:28  Drone  
  38  3:29  Drone x2  
  41  3:39  Drone x3  
  44  3:44  Evolution Chamber  
  44  3:45  Extractor  
  44  3:46  Extractor  
  41  3:57  Baneling x2  
  41  4:01  Drone x3  
  44  4:03  Overlord x2  
  44  4:04  Overlord  
  44  4:07  Overlord  
  44  4:21  Zerg Melee Weapons Level 1, Queen  
  44  4:22  Zergling x12  
  52  4:33  Drone  
  52  4:34  Drone  
  54  4:50  Hatchery  
  54  4:51  Hydralisk Den, Drone x2  
  54  4:52  Drone  
  55  4:55  Extractor  
  54  5:05  Pneumatized Carapace  
  54  5:08  Burrow  
  54  5:16  Spore Crawler  
  54  5:20  Spore Crawler  
  52  5:24  Drone  
  52  5:25  Drone  
  54  5:33  Hydralisk  
  54  5:34  Hydralisk x4  
  64  5:49  Grooved Spines  
  64  5:55  Drone x3  
  64  5:57  Drone  
  68  6:01  Drone x5  
  73  6:13  Zergling x12  
  73  6:14  Zergling x2  
  80  6:23  Nydus Network  
  79  6:30  Zergling x2  
  79  6:31  Zergling x4  
  79  6:32  Lurker Den  
  81  6:41  Extractor  
  81  6:43  Hatchery  
  81  6:45  Extractor  
  78  7:00  Muscular Augments  
  78  7:04  Overlord x2  
  78  7:05  Overlord x2  
  78  7:09  Drone x4  
  82  7:24  Spire  
  82  7:27  Baneling  
  82  7:28  Baneling x5  
  82  7:29  Baneling x2  
  81  7:36  Zerg Missile Weapons Level 1  
  81  7:41  Drone x6  
  81  7:42  Drone x6  
  93  7:54  Hydralisk  
  93  7:55  Hydralisk x6  
  107  8:00  Zergling x2  
  108  8:08  Overlord x2  
  108  8:09  Overlord x2  
  108  8:25  Hydralisk x6  
  108  8:26  Hydralisk  
  122  8:28  Zergling x6  
  125  8:48  Zergling x14  
  126  8:49  Zergling x6  
  126  8:54  Centrifical Hooks  
  135  9:03  Infestation Pit  
  133  9:13  Baneling x6  
  100  9:50  Zergling x16  
  100  9:51  Zergling x2  
  69  9:55  Drone  
  69  9:56  Drone x2  
  59  10:08  Zerg Melee Weapons Level 2  
  59  10:11  Hydralisk x3  
  63  10:17  Hive  
  63  10:22  Zergling x6  
  58  11:12  Hydralisk x14  
  58  11:13  Hydralisk x9  
  103  11:24  Hatchery  
  102  11:33  Adaptive Talons  
  102  11:42  Lurker  
  102  11:43  Lurker x2  
  105  12:13  Lurker x2  
  105  12:14  Lurker x11  
  116  12:30  Seismic Spines  
  113  13:06  Hydralisk x7  
  113  13:07  Hydralisk x4  
  132  13:21  Drone x3  
  135  14:08  Overlord x2  
  135  14:09  Overlord x5  
  135  14:26  Queen  
  123  14:52  Hydralisk x14  
Show
View Real Time Build Order
Export as new Build Order

tigro Terran - Winner!

Build Orders:  

Get SALT Encoding   

  12  0:03  SCV  
  13  0:15  SCV  
  14  0:27  SCV  
  15  0:32  Supply Depot  
  15  0:35  Refinery  
  15  0:54  SCV  
  16  0:59  Barracks  
  16  1:04  Supply Depot  
  16  1:15  Refinery  
  16  1:26  SCV  
  17  1:38  SCV  
  18  1:49  Marine  
  18  1:50  SCV  
  20  2:02  SCV  
  20  2:06  Marine  
  22  2:11  Factory  
  22  2:14  SCV  
  23  2:22  Engineering Bay  
  23  2:24  Marine  
  23  2:26  SCV  
  25  2:42  Marine  
  26  2:52  Orbital Command  
  26  2:57  Terran Infantry Weapons Level 1  
  26  3:00  Marine  
  26  3:01  Factory Tech Lab  
  27  3:31  Starport  
  27  3:39  Barracks Tech Lab  
  27  3:53  SCV  
  28  4:06  Siege Tank  
  28  4:09  Starport  
  31  4:13  Medivac  
  33  4:18  Command Center  
  33  4:31  Combat Shield  
  33  4:51  Terran Infantry Armor Level 1  
  33  4:56  Starport Tech Lab  
  33  5:20  Refinery  
  33  5:32  Missile Turret  
  33  5:33  Refinery  
  33  5:50  Stimpack  
  33  5:53  Missile Turret  
  33  5:59  Starport Tech Lab  
  33  6:04  Siege Tank  
  36  6:12  SCV  
  36  6:14  Missile Turret  
  37  6:24  SCV  
  38  6:36  SCV  
  39  6:43  Missile Turret  
  39  6:45  Hi-Sec Auto Tracking  
  39  6:48  SCV  
  40  7:00  SCV  
  41  7:12  SCV  
  42  7:20  Fusion Core  
  42  7:24  SCV  
  43  7:31  Barracks  
  43  7:36  SCV  
  44  7:42  Neosteel Armor  
  44  7:48  SCV  
  45  7:53  Marine  
  46  8:01  SCV  
  47  8:06  Cyclone  
  47  8:08  Armory  
  47  8:09  Weapon Refit  
  47  8:11  Marine  
  51  8:13  SCV  
  51  8:14  Battlecruiser  
  58  8:25  SCV  
  59  8:28  Marine  
  60  8:37  SCV  
  61  8:45  Mag-Field Accelerator  
  61  8:46  Marine  
  62  8:58  Supply Depot  
  62  9:19  Marine x2, SCV  
  62  9:21  Supply Depot  
  65  9:31  SCV  
  65  9:37  Marine  
  59  9:43  SCV  
  49  9:46  Supply Depot  
  49  9:49  Rapid Reignition System  
  49  9:52  Barracks Reactor  
  48  9:55  Marine  
  48  9:56  SCV  
  48  9:57  Battlecruiser  
  48  9:59  Battlecruiser  
  62  10:08  SCV  
  62  10:12  Marine  
  64  10:30  Marine  
  64  10:31  Marine  
  64  10:32  Marine  
  66  10:48  Marine  
  66  10:49  Marine  
  65  10:50  Marine  
  66  10:57  Siege Tank  
  66  11:01  Medivac  
  66  11:03  Medivac  
  73  11:06  Marine  
  73  11:07  Marine x2  
  73  11:09  Planetary Fortress  
  76  11:24  Marine  
  76  11:25  Marine x2  
  79  11:37  Battlecruiser  
  85  11:41  Marine  
  85  11:42  Terran Vehicle Weapons Level 1  
  85  12:40  Battlecruiser  
  85  12:43  Battlecruiser  
  85  13:09  Marine  
  86  13:44  Marine  
  86  14:32  Command Center  
  86  14:45  Marine x3  
  86  14:49  Missile Turret  
  101  15:03  Marine x3  
  104  15:11  Missile Turret  
Show
View Real Time Build Order
Export as new Build Order

TATORREA Protoss - Winner!

Build Orders: Carriers 

Get SALT Encoding   

  12  0:02  Probe  
  13  0:15  Probe  
  14  0:28  Probe  
  15  0:47  Pylon  
  15  0:57  Assimilator  
  15  1:02  Pylon  
  15  1:05  Probe  
  16  1:14  Probe  
  16  1:16  Gateway  
  16  1:18  Gateway  
  17  1:22  Pylon, Probe  
  17  1:32  Probe  
  19  1:44  Assimilator, Probe  
  20  1:56  Probe  
  21  2:05  Zealot x2  
  21  2:08  Probe  
  26  2:20  Probe  
  26  2:21  Cybernetics Core  
  27  2:27  Pylon  
  27  2:32  Probe  
  27  2:45  Nexus  
  27  2:54  Probe  
  28  2:59  Warp Gate  
  28  3:01  Stalker  
  28  3:03  Sentry  
  32  3:08  Probe  
  33  3:20  Stargate  
  33  3:26  Probe  
  34  3:35  Pylon  
  34  3:38  Probe  
  34  3:40  Stalker  
  37  3:45  Zealot  
  39  3:50  Probe  
  40  3:56  Assimilator  
  40  4:00  Assimilator  
  40  4:02  Probe  
  41  4:08  Probe  
  42  4:13  Phoenix  
  42  4:16  Probe  
  45  4:23  Probe  
  46  4:28  Probe  
  47  4:35  Probe  
  48  4:40  Probe  
  49  4:47  Probe  
  49  4:52  Probe  
  51  4:53  Fleet Beacon  
  51  4:58  Pylon  
  51  4:59  Probe  
  52  5:04  Probe  
  53  5:09  Protoss Air Weapons Level 1  
  53  5:25  Probe  
  53  5:26  Probe  
  55  5:47  Nexus  
  55  5:49  Pylon  
  55  5:50  Probe x2  
  55  5:51  Pylon  
  57  6:05  Probe x2  
  57  6:06  Cybernetics Core  
  57  6:09  Stargate  
  59  6:11  Stargate  
  59  6:19  Probe x2  
  61  6:31  Probe x2  
  63  6:34  Gateway  
  63  6:36  Gateway  
  63  6:38  Gateway  
  63  6:40  Twilight Council  
  63  6:43  Probe x2  
  65  6:48  Assimilator  
  65  6:50  Assimilator  
  65  6:53  Protoss Air Weapons Level 2  
  65  6:55  Probe  
  65  6:56  Probe  
  67  7:04  Protoss Air Armor Level 1  
  67  7:11  Carrier  
  67  7:14  Tempest  
  78  7:25  Carrier  
  78  7:28  Probe  
  78  7:29  Probe x2  
  87  7:37  Probe x3  
  90  7:45  Probe x3  
  93  7:55  Probe x2  
  93  7:56  Probe  
  96  8:07  Probe  
  97  8:13  Forge  
  97  8:15  Forge x2  
  97  8:18  Nexus  
  97  8:19  Pylon  
  97  8:21  Pylon  
  97  8:28  Assimilator  
  97  8:31  Carrier  
  97  8:33  Assimilator, Tempest  
  108  8:43  Carrier  
  114  8:53  Probe x3  
  117  9:05  Probe  
  104  9:36  Tempest, Carrier  
  115  9:40  Protoss Ground Weapons Level 1  
  115  9:42  Protoss Air Weapons Level 3, Charge  
  115  9:48  Carrier  
  115  9:49  Zealot  
  115  9:50  Zealot x4  
  131  10:07  Pylon  
  131  10:12  Pylon  
  131  10:16  Templar Archives  
  131  10:18  Tempest  
  112  10:29  Gateway  
  112  10:31  Gateway  
  112  10:34  Gateway  
  105  10:40  Carrier  
  111  10:54  Nexus  
  111  10:58  Zealot x4  
  111  10:59  Zealot  
  121  11:06  Protoss Air Armor Level 2  
  121  11:12  Tempest  
  121  11:13  Carrier  
  132  11:21  Zealot  
  132  11:22  Zealot x3  
  140  12:04  Pylon  
  140  12:05  Tempest  
  140  12:06  Pylon, Carrier  
  151  12:11  Pylon  
  151  12:15  Pylon  
  151  12:18  Pylon  
  151  12:21  Gateway  
  151  12:22  Gateway, Carrier  
  157  12:25  Gateway  
  144  12:30  Gateway  
  144  12:33  Zealot  
  144  12:34  Gateway, Zealot x3  
  144  12:35  Zealot x3  
  133  12:37  Zealot  
  118  12:58  Zealot  
  118  12:59  Zealot x4  
  118  13:00  Zealot  
  118  13:01  Zealot  
  138  13:05  Carrier  
  138  13:23  Carrier  
  138  13:26  Tempest  
  149  14:01  Zealot x3  
  149  14:02  Zealot x3  
  161  14:03  Zealot x5  
  161  14:08  Tempest  
  176  14:15  Pylon  
  176  14:21  Pylon  
  176  14:33  Tempest  
Show
View Real Time Build Order
Export as new Build Order

ENFER Terran 

Build Orders: Reaper Expand 

Get SALT Encoding   

  12  0:01  SCV  
  13  0:13  SCV  
  14  0:18  Supply Depot  
  14  0:31  SCV  
  15  0:43  SCV  
  15  0:46  Barracks  
  16  0:54  Refinery  
  16  0:55  SCV  
  17  1:07  SCV  
  18  1:20  SCV  
  19  1:39  Reaper  
  20  2:01  Refinery  
  20  2:08  Command Center  
  20  2:35  Factory  
  19  3:05  Barracks Reactor, Orbital Command  
  19  3:17  Refinery  
  19  3:22  Orbital Command  
  19  3:33  SCV  
  20  3:35  Factory Tech Lab  
  20  3:43  Factory  
  20  3:45  SCV  
  20  3:48  Engineering Bay  
  21  3:53  Armory  
  21  3:58  SCV  
  21  3:59  Armory  
  22  4:05  SCV  
  23  4:10  SCV  
  24  4:17  SCV  
  25  4:29  SCV  
  26  4:41  SCV x2  
  28  4:47  Factory Tech Lab  
  28  4:48  Thor  
  34  4:53  SCV x2  
  34  4:54  Smart Servos  
  36  5:05  Factory, SCV  
  36  5:06  SCV  
  38  5:15  Missile Turret  
  38  5:29  Refinery  
  38  5:35  Missile Turret  
  38  5:54  Supply Depot x2  
  38  5:56  Supply Depot, Missile Turret  
  38  5:57  Supply Depot  
  38  6:02  Factory Tech Lab  
  38  6:06  Terran Vehicle Weapons Level 1  
  38  6:11  Terran Vehicle And Ship Armor Level 1  
  38  6:15  Thor, SCV x2  
  46  6:27  SCV x2  
  48  6:35  Command Center  
  48  6:39  SCV  
  49  6:50  Thor  
  49  6:51  SCV  
  62  7:03  SCV  
  62  7:07  Thor  
  69  7:46  Thor  
  75  7:52  Supply Depot  
  75  7:53  Supply Depot  
  75  7:55  Supply Depot  
  75  7:57  Supply Depot, Thor  
  81  7:58  Thor  
  81  8:54  Thor x2  
  93  8:57  Factory Tech Lab  
  93  9:43  Thor x3  
  99  10:25  Thor  
  99  10:26  Thor x2  
  87  11:08  Thor x2  
  87  11:09  Thor  
  105  11:44  SCV  
  106  11:49  Refinery  
  106  11:56  SCV  
  106  11:57  Terran Vehicle And Ship Armor Level 2  
  106  11:59  Terran Vehicle Weapons Level 2  
  107  12:08  SCV  
  107  12:12  Refinery  
  108  12:20  SCV  
  103  12:33  SCV  
  56  13:05  Thor x3  
  68  13:48  Thor x2  
  80  14:12  Thor  
  86  14:31  Thor  
Show
View Real Time Build Order
Export as new Build Order

Peter Terran 

Build Orders: 2 Factory, Mech 

Get SALT Encoding   

  12  0:06  SCV  
  13  0:18  Supply Depot  
  13  0:20  SCV  
  14  0:32  Refinery  
  14  0:41  Barracks  
  14  0:45  SCV  
  15  0:57  SCV, Refinery  
  16  1:09  SCV  
  17  1:32  Orbital Command  
  17  1:44  Barracks Reactor  
  17  2:00  Command Center  
  17  2:11  Supply Depot  
  17  2:23  Factory  
  17  2:32  SCV  
  18  2:44  SCV  
  19  2:56  SCV  
  20  3:00  Factory  
  20  3:09  SCV  
  21  3:22  SCV  
  22  3:31  Factory  
  22  3:33  Hellion x2  
  22  3:34  SCV  
  27  3:42  Orbital Command  
  27  3:46  SCV  
  28  3:49  Refinery  
  28  3:53  Factory Tech Lab  
  28  3:58  SCV  
  29  4:07  Supply Depot  
  29  4:10  SCV  
  30  4:22  SCV  
  31  4:30  Supply Depot  
  31  4:40  SCV  
  31  4:41  SCV  
  33  4:47  Refinery  
  33  4:49  Hellion x2  
  37  4:53  Factory Tech Lab  
  37  5:00  Factory  
  37  5:10  Hellion x2  
  41  5:18  Supply Depot  
  41  5:22  Cyclone  
  44  5:41  SCV  
  44  5:42  SCV  
  46  5:54  Cyclone, SCV x2  
  51  6:00  Command Center  
  51  6:03  Cyclone  
  54  6:12  Factory Reactor  
  54  6:21  Armory  
  54  6:25  Mag-Field Accelerator  
  54  6:26  Cyclone  
  54  6:31  Infernal Pre-Igniter  
  57  6:35  Cyclone  
  60  6:53  Hellion x3  
  66  6:58  Siege Tank  
  66  7:00  SCV  
  70  7:08  Armory  
  70  7:11  Widow Mine, SCV  
  70  7:12  SCV  
  74  7:27  Supply Depot  
  74  7:30  Cyclone  
  74  7:33  Widow Mine  
  79  7:49  Supply Depot  
  79  7:51  Hellion x2  
  83  7:54  Cyclone  
  86  8:02  Cyclone  
  86  8:04  SCV x2  
  91  8:09  Orbital Command  
  91  8:12  Supply Depot, Hellion x2  
  95  8:16  SCV  
  96  8:26  Widow Mine  
  98  8:34  Cyclone  
  98  8:38  Hellion x2  
  105  8:44  Hellion  
  105  8:48  Widow Mine  
  109  9:23  Cyclone  
  107  9:25  Cyclone  
  50  9:54  Hellion x4  
  50  9:55  Cyclone  
  50  9:57  Siege Tank  
  64  10:15  Hellion x2  
  64  10:16  Hellion x2  
  72  10:27  Siege Tank  
  75  10:29  Siege Tank  
  75  10:37  Hellion  
  71  10:51  Hellion x3  
  75  10:58  Hellion  
  75  10:59  Siege Tank  
  75  11:01  Siege Tank  
  76  11:12  Hellion  
  78  11:28  Hellion x3  
  78  11:32  Siege Tank  
  87  11:33  Hellion, Siege Tank  
  92  11:42  SCV  
  93  11:49  Hellion x3  
  99  11:54  SCV  
  99  11:55  Hellion  
  102  12:04  Siege Tank  
  102  12:05  Siege Tank  
  102  12:06  SCV  
  109  12:20  Hellion, SCV  
  109  12:21  Hellion  
  109  12:28  Hellion  
  96  12:36  Cyclone  
  89  12:37  Cyclone  
  61  13:08  Cyclone  
  61  13:10  Cyclone  
  67  13:29  Hellion x4  
  75  13:40  Thor  
  81  13:41  Thor  
  87  13:50  Hellion x2  
  89  13:57  Refinery  
  89  14:05  Refinery  
  89  14:07  SCV x2  
  89  14:19  SCV  
  89  14:22  Thor  
  84  14:24  Thor  
Show
View Real Time Build Order
Export as new Build Order

Allanga Protoss 

Build Orders:  

Get SALT Encoding   

  12  0:03  Probe  
  13  0:28  Pylon, Probe  
  14  0:41  Probe  
  15  0:48  Assimilator  
  15  0:53  Assimilator, Probe  
  16  0:59  Gateway  
  16  1:05  Probe  
  17  1:16  Gateway  
  17  1:17  Probe  
  18  1:29  Probe  
  18  1:31  Gateway  
  19  1:45  Probe  
  20  1:57  Cybernetics Core  
  20  1:58  Probe  
  21  2:10  Probe  
  22  2:27  Pylon  
  22  2:34  Warp Gate, Pylon  
  22  2:40  Pylon  
  22  2:43  Probe  
  22  2:44  Twilight Council  
  23  2:45  Zealot  
  23  2:48  Adept x2  
  29  3:07  Resonating Glaives  
  29  3:20  Nexus  
  29  3:37  Gateway  
  29  3:48  Pylon  
  29  3:55  Assimilator  
  29  4:06  Probe  
  30  4:18  Probe  
  31  4:35  Zealot x3  
  31  4:36  Zealot  
  39  4:44  Charge  
  39  4:47  Assimilator  
  39  4:52  Assimilator, Probe x2  
  41  5:04  Probe  
  42  5:09  Zealot x3  
  48  5:20  Probe x2  
  50  5:32  Forge, Probe  
  50  5:33  Probe  
  52  5:44  Probe  
  52  5:47  Adept x4  
  61  5:52  Probe  
  61  5:53  Protoss Ground Weapons Level 1  
  61  5:57  Probe  
  63  6:07  Pylon  
  63  6:08  Pylon  
  63  6:27  Adept x4  
  72  6:32  Probe  
  72  6:33  Probe  
  73  6:41  Pylon  
  73  6:44  Pylon  
  73  6:45  Probe x2  
  75  6:53  Zealot  
  75  6:54  Zealot x2  
  81  6:57  Probe, Zealot  
  84  7:20  Adept x2  
  84  7:21  Adept x2  
  92  7:54  Stargate  
  92  7:56  Adept x3, Stargate  
  92  7:57  Adept  
  92  7:58  Stargate  
  100  8:06  Protoss Ground Weapons Level 2  
  100  8:14  Nexus  
  100  8:28  Zealot  
  102  8:38  Pylon  
  102  8:40  Pylon  
  102  8:43  Pylon  
  102  8:45  Pylon  
  50  11:00  Adept x4  
  48  11:23  Stargate  
  48  11:24  Stargate  
  48  11:27  Void Ray  
  48  11:28  Void Ray x2  
  60  11:37  Protoss Ground Weapons Level 3  
  60  11:38  Stalker x4  
  68  12:03  Stalker x4  
  76  12:10  Void Ray x2  
  76  12:11  Void Ray  
  64  13:02  Fleet Beacon  
  64  13:19  Void Ray x3  
  76  13:20  Void Ray x2  
  84  13:30  Zealot  
  84  13:31  Zealot x3  
  92  14:02  Void Ray x4  
  104  14:03  Void Ray  
  110  14:45  Phoenix x4  
  92  14:46  Phoenix  
  79  15:14  Robotics Facility  
Tags
 
Add a new tag
Caveats
  • Supply blocks, unpowered buildings, or Contaminate may cause inaccurate times.
  • Supply counts are checked every 10 seconds.